 Dungeon Crawl Stone Soup version 0.28.0 (webtiles) character file.

Game seed: 10597537398382192769

4582 RighteousDevil the Carver (level 10, -2/117 HPs)
             Began as a Red Draconian Cinder Acolyte on Feb 5, 2022.
             Was an Elder of Ignis.
             Slain by a human (4 damage)
             ... in a bailey.
             The game lasted 00:20:06 (8841 turns).

RighteousDevil the Carver (DrCA)                    Turns: 8841, Time: 00:20:06

Health: -2/117     AC: 25    Str: 15 (16) XL:     10   Next: 18%
Magic:  1/14       EV:  2    Int: 16 (17) God:    Ignis [****..]
Gold:   248        SH:  0    Dex:  8 (9)  Spells: 10/15 levels left

rFire   + . .      SeeInvis .   a - +0 falchion (flame)
rCold   . . .      Faith    .   (no shield)
rNeg    . . .      Spirit   .   (armour unavailable)
rPois   +          Reflect  .   (helmet currently unavailable)
rElec   .          Harm     .   (cloak currently unavailable)
rCorr   +          Rampage  .   (gloves currently unavailable)
Will    .....      NoTele   +   (boots currently unavailable)
Stlth   +.........              o - amulet of magic regeneration
HPRegen 0.29/turn               h - ring of resist corrosion
MPRegen 0.54/turn               (no ring)

@: tree-form
A: stationary, stasis, torment immunity, boosted hp, (breathe fire), AC +7,
unfitting armour, (fire resistance 1), (cold-blooded)
a: Renounce Religion, Fiery Armour, Foxfire Swarm, Rising Flame


You were in a bailey.
You worshipped Ignis.
Ignis was greatly pleased with you.
You were a tree.
You visited 1 branch of the dungeon, and saw 7 of its levels.
You also visited: Bailey.

You collected 248 gold pieces.

Inventory:

Hand Weapons
 a - a +0 falchion of flaming (weapon)
Missiles
 f - a throwing net
Armour
 b - a +0 pair of gloves (melded)
 n - a +1 cloak (melded)
Jewellery
 h - a ring of resist corrosion (left branch)
 m - a ring of fire
 o - an amulet of magic regeneration (around neck)
Wands
 c - a wand of mindburst (7)
 l - a wand of flame (24)
Scrolls
 e - a scroll of holy word
 g - 3 scrolls of teleportation
Potions
 d - 2 potions of mutation
 j - 2 potions of haste
 k - a potion of ambrosia


   Skills:
 - Level 4.0 Fighting
 + Level 13.7 Long Blades
 - Level 3.0 Spellcasting
 - Level 4.0 Translocations
 - Level 5.0 Fire Magic


You had 10 spell levels left.
You knew the following spells:

 Your Spells              Type           Power      Damage    Failure   Level
a - Scorch                Fire           36%        2d7       3%          2
b - Gell's Gravitas       Tloc           15%        N/A       11%         3

Your spell library contained the following spells:

 Spells                   Type           Power      Damage    Failure   Level
 Lesser Beckoning         Tloc           15%        N/A       11%         3
 Teleport Other           Tloc           15%        N/A       11%         3
 Sting                    Tmut/Pois      8%         1d3       19%         1
 Corpse Rot               Necr/Air       4%         N/A       28%         2
 Poisonous Vapours        Pois/Air       4%         N/A       28%         2
 Airstrike                Air            1%         N/A       88%         4
 Olgreb's Toxic Radiance  Pois           2%         N/A       88%         4
 Summon Lightning Spire   Summ/Air       2%         N/A       88%         4
 Lightning Bolt           Conj/Air       1%         1d12      99%         5


Dungeon Overview and Level Annotations

Branches:
Dungeon (7/15)             Temple (0/1) D:7          Bailey (1/1)

Altars:
Ashenzari
Cheibriados
Kikubaaqudgha
Okawaru
Sif Muna
Xom

Shops:
D:2 ?   D:4 =   D:5 (


Innate Abilities, Weirdness & Mutations

You are a tree.
Your roots penetrate the ground, keeping you stationary.
You cannot be teleported.
You are immune to unholy pain and torment.
Your maximum health is greatly increased.
Your equipment is partially melded.
((You can breathe blasts of fire.))
((Your fiery red scales are hard. (AC +7)))
You cannot fit into any form of body armour.
((Your flesh is heat resistant. (rF+)))
((You are cold-blooded and may be slowed by cold attacks.))


Message History

Unknown command.
Casting: Scorch (safe; 3% risk of failure)
Confirm with . or Enter, or press ? or * to list all spells.
Flames lash the human.
The human is burned terribly!
You kill the human!
The human hits you but does no damage.
Unknown command.
Casting: Scorch (safe; 3% risk of failure)
Confirm with . or Enter, or press ? or * to list all spells.
Flames lash the human.
The human is heavily wounded.
The human's fire resistance burns away.
The human hits you with a +2 vorpal hand axe!
* * * LOW HITPOINT WARNING * * *
x2 Unknown command.
Casting: Scorch (safe; 3% risk of failure)
Confirm with . or Enter, or press ? or * to list all spells.
Flames lash the human.
The human is burned terribly!
The human is severely wounded.
The human hits you with a +2 vorpal hand axe.
* * * LOW HITPOINT WARNING * * *
x2 Unknown command.
Casting: Scorch (safe; 3% risk of failure)
Confirm with . or Enter, or press ? or * to list all spells.
Flames lash the human but do no damage.
Casting: Scorch (safe; 3% risk of failure)
Confirm with . or Enter, or press ? or * to list all spells.
Flames lash the human.
The human is burned terribly!
The human is almost dead.
The human hits you but does no damage. The human hits you with a +0 war axe.
* * * LOW HITPOINT WARNING * * *
Casting: Scorch (safe; 3% risk of failure)
Confirm with . or Enter, or press ? or * to list all spells.
Flames lash the human.
The human is heavily wounded.
The human's fire resistance burns away.
The human hits you with a +2 vorpal hand axe!
* * * LOW HITPOINT WARNING * * *
x2 The human hits you with a +0 war axe.
You die...

...o..####≈..≈≈#
...p..'..#≈..≈≈#
##..###'###
#...#.....#
#...#.....#
#...####..#
#[)..#....#
#+#p#..÷...##
##.p♣##....##
#.....######
#.∩.∩.# #.....#
##...## #####


You could see 2 humans.

Vanquished Creatures
  A vault guard (Bailey)
  Pikel (D:5)
  4 humans (Bailey)
  Menkaure (D:6)
  Edmund (D:4)
  3 water moccasins (D:5)
  3 ice beasts
  2 orc warriors
  A black bear (D:6)
  3 ogres
  2 lemures (D:5)
  A kobold brigand (D:5)
  2 phantoms (D:5)
  5 bullfrogs
  2 scorpions
  2 water moccasin skeletons (D:4)
  2 howler monkeys (D:5)
  A bullfrog zombie (D:3)
  5 hounds
  2 orc priests
  Crazy Yiuf (D:4)
  A bullfrog skeleton (D:5)
  An iguana (D:6)
  2 orc wizards
  3 adders
  8 gnolls
  2 shadow imps (D:6)
  2 ufetubi
  A worm (D:2)
  6 dart slugs
  The ghost of IBeShadow the Sneak, a weakling FeDe (D:5)
  9 orcs
  8 ball pythons
  4 bats
  6 endoplasms
  5 giant cockroaches
  16 goblins
  10 hobgoblins
  13 jackals
  11 kobolds
  3 quokkas
  2 frilled lizards
  6 rats
165 creatures vanquished.

Vanquished Creatures (collateral kills)
  Prince Ribbit (Bailey)
1 creature vanquished.

Vanquished Creatures (others)
  38 foxfires
38 creatures vanquished.

Grand Total: 204 creatures vanquished

Notes
Turn   | Place    | Note
-------+----------+-------------------------------------------
     0 | D:1      | RighteousDevil the Draconian Cinder Acolyte began the quest
                  | for the Orb.
     0 | D:1      | Reached XP level 1. HP: 19/19 MP: 2/2
   233 | D:1      | Reached XP level 2. HP: 26/26 MP: 3/3
   648 | D:1      | Found a faded altar of an unknown god.
  1101 | D:1      | Reached XP level 3. HP: 33/33 MP: 5/5
  1185 | D:1      | Learned a level 2 spell: Scorch
  1511 | D:2      | Found Xynuon's Magic Scroll Boutique.
  1534 | D:2      | Reached XP level 4. HP: 13/40 MP: 6/6
  2063 | D:2      | Reached skill level 1 in Translocations
  2640 | D:3      | Reached XP level 5. HP: 41/46 MP: 8/8
  2693 | D:3      | Found a shimmering blue altar of Sif Muna.
  3004 | D:3      | Noticed an ogre
  3016 | D:3      | Killed an ogre
  3017 | D:3      | Reached skill level 4 in Long Blades
  3026 | D:3      | Learned a level 3 spell: Gell's Gravitas
  3257 | D:4      | Found a shimmering altar of Xom.
  3334 | D:4      | Reached XP level 6. HP: 52/52 MP: 9/9
  3337 | D:4      | Noticed an orc warrior
  3379 | D:3      | Killed an orc warrior
  3847 | D:4      | Found Gyhy's Jewellery Boutique.
  3966 | D:4      | Reached skill level 5 in Long Blades
  4015 | D:4      | Noticed Edmund
  4036 | D:4      | Killed Edmund
  4037 | D:4      | Your scales start taking on a fiery red colour.
  4037 | D:4      | Reached skill level 5 in Fire Magic
  4037 | D:4      | Reached XP level 7. HP: 32/59 MP: 1/11
  4037 | D:4      | Gained mutation: Your flesh is heat resistant. (rF+) [Red
                  | Draconian growth]
  4310 | D:4      | Found a runed translucent door.
  4311 | D:4      | Noticed Crazy Yiuf
  4318 | D:4      | Killed Crazy Yiuf
  4616 | D:5      | Entered Level 5 of the Dungeon
  4657 | D:5      | Reached skill level 6 in Long Blades
  4680 | D:5      | Found a runed translucent door.
  4680 | D:5      | Noticed IBeShadow's ghost (weakling FeDe)
  4954 | D:5      | Killed IBeShadow's ghost
  5137 | D:5      | Reached skill level 7 in Long Blades
  5221 | D:5      | Reached XP level 8. HP: 60/66 MP: 12/12
  5371 | D:5      | Found an ancient bone altar of Kikubaaqudgha.
  5371 | D:5      | Found an iron altar of Okawaru.
  5371 | D:5      | Found a snail-covered altar of Cheibriados.
  5460 | D:5      | Reached skill level 8 in Long Blades
  5921 | D:5      | Reached skill level 9 in Long Blades
  6224 | D:5      | Found Nusutes's Antique Weapon Boutique.
  6412 | D:6      | Noticed Menkaure
  6597 | D:6      | Killed Menkaure
  6598 | D:6      | Reached skill level 10 in Long Blades
  6636 | D:5      | Reached XP level 9. HP: 25/71 MP: 10/13
  7100 | D:6      | Noticed Pikel
  7118 | D:5      | HP: 1/71 [Pikel (5)]
  7119 | D:5      | Killed Pikel
  7120 | D:5      | Reached skill level 11 in Long Blades
  7579 | D:7      | Found a broken altar of Ashenzari.
  7746 | D:7      | Found a staircase to the Ecumenical Temple.
  7932 | D:7      | Reached skill level 12 in Long Blades
  7943 | D:7      | Found a flagged portal.
  7950 | Bailey   | Entered a bailey
  8496 | Bailey   | Noticed a vault guard
  8496 | Bailey   | Noticed Prince Ribbit
  8527 | Bailey   | Killed Prince Ribbit
  8534 | Bailey   | Killed a vault guard
  8535 | Bailey   | Reached skill level 13 in Long Blades
  8535 | Bailey   | Reached XP level 10. HP: 47/78 MP: 2/14
  8754 | Bailey   | Noticed a vault guard
  8841 | Bailey   | HP: 5/117 [human (8)]
  8841 | Bailey   | HP: 2/117 [human (3)]
  8841 | Bailey   | Slain by a human

Illustrated notes

Levels and vault maps discovered:
D:1:      dpeg_arrival_boxes_within_box, layout_basic,
          dreamdust_ecumenical_altar_angels_and_demons
D:2:      layout_loops_ring, serial_shops, nicolae_shop_advertising_works
          [nicolae_subvault_shop_adworks]
D:3:      layout_rooms, led_sif_pool, minmay_ogre_servants
D:4:      layout_cave_pools, overflow_temple_1_default, serial_shops,
          nicolae_shop_statue_plus, corexii_leaking_fountain,
          uniq_crazy_yiuf_cottage, uniq_edmund
D:5:      layout_loops_ring, gammafunk_temple_overflow_claw,
          ebering_ghost_sewer_d, serial_shops, nicolae_shop_hallway_plus,
          roderic_lattice_a, solitary_fountain
D:6:      layout_basic, demons_altar, mainiacjoe_overflow_catwalk,
          uniq_menkaure, uniq_pikel
D:7:      wander_river, layout_gridville, evilmike_ruin_ashenzari,
          minmay_temple_entry_crystal_x, enter_bailey_3
Bailey:   bailey_axe_froggy_fort_hellmonk, bailey

Skill      XL: |  1  2  3  4  5  6  7  8  9 |
---------------+----------------------------+-----
Fighting       | 4 |  4.0
Translocations | 1 2 3 4 |  4.0
Spellcasting   | 2 3 |  3.0
Long Blades    | 4 5 7 10 13 | 13.7
Fire Magic     | 4 5 |  5.0

Action                   |  1- 3 |  4- 6 |  7- 9 | 10-12 || total
-------------------------+-------+-------+-------+-------++-------
Melee: Falchion          |   117 |   152 |   222 |    32 ||   523
       Tailslap          |    15 |    14 |    25 |     1 ||    55
       Punch             |     1 |     2 |     2 |     1 ||     6
 Cast: Scorch            |       |     8 |    74 |    12 ||    94
       Gell's Gravitas   |       |       |     5 |     4 ||     9
Invok: Fiery Armour      |       |     2 |       |       ||     2
       Foxfire Swarm     |       |     1 |     1 |       ||     2
 Abil: Breathe Fire      |       |       |    17 |     1 ||    18
Evoke: Wand              |       |       |     1 |       ||     1
  Use: Scroll            |     3 |     5 |     7 |     1 ||    16
       Potion            |       |     2 |     3 |     2 ||     7
Armor: Skin              |    46 |    62 |   106 |    29 ||   243
Dodge: Dodged            |    85 |   105 |   152 |    10 ||   352
